Map: [ESL] Inside and Out

Players

llllllllllll

  • Race: Protoss Protoss
  • Spawn Location: 7:00

Oliveira - Winner!

  • Race: Terran Terran
  • League: Grandmaster
  • Spawn Location: 1:00

Event: DreamHack SC2 Masters 2022 Atlanta (Online)

VOD

Have the link to the VOD?

Description

Time

  • Played on: Oct. 5, 2022, 7:15 a.m.
  • Length: 5:25

All games in this series

Show
View Real Time Build Order
Export as new Build Order

llllllllllll Protoss 

Build Orders: 1 Gate Expand, Blink Stalkers 

Get SALT Encoding   

  12  0:00  Probe  
  13  0:12  Probe  
  14  0:17  Pylon  
  14  0:24  Probe (Chrono Boost)  
  15  0:36  Gateway  
  15  0:37  Probe (Chrono Boost)  
  16  0:43  Probe (Chrono Boost)  
  16  0:45  Assimilator  
  17  0:51  Probe  
  18  1:03  Probe  
  19  1:18  Nexus  
  19  1:27  Cybernetics Core  
  19  1:29  Probe  
  20  1:34  Assimilator  
  20  1:41  Probe  
  20  1:44  Pylon  
  21  1:53  Probe  
  22  2:00  Adept (Chrono Boost)  
  22  2:03  Warp Gate  
  22  2:06  Probe  
  25  2:15  Twilight Council  
  25  2:18  Probe (Chrono Boost)  
  26  2:23  Stalker  
  29  2:30  Probe x2 (Chrono Boost)  
  30  2:39  Probe x2 (Chrono Boost)  
  32  2:44  Probe x2 (Chrono Boost)  
  32  2:46  Blink (Chrono Boost)  
  34  2:57  Probe  
  35  3:00  Probe, Gateway  
  36  3:09  Probe  
  36  3:12  Robotics Facility, Probe  
  38  3:21  Probe  
  39  3:27  Probe  
  40  3:35  Nexus  
  40  3:40  Pylon  
  40  3:41  Probe x2  
  42  3:48  Gateway  
  42  3:52  Stalker  
  42  3:53  Probe  
  45  3:59  Observer  
  45  4:01  Stalker  
  45  4:02  Pylon  
  48  4:03  Probe  
  48  4:05  Probe  
  50  4:10  Assimilator  
  50  4:13  Assimilator  
  50  4:15  Probe  
  51  4:17  Probe  
  52  4:29  Stalker x2  
  55  4:38  Probe (Chrono Boost)  
  40  4:39  Probe (Chrono Boost)  
  42  4:54  Probe (Chrono Boost)  
  42  4:55  Probe (Chrono Boost)  
  44  5:02  Probe (Chrono Boost)  
  46  5:07  Probe (Chrono Boost)  
  46  5:09  Probe (Chrono Boost)  
  46  5:10  Probe (Chrono Boost)  
Show
View Real Time Build Order
Export as new Build Order

Oliveira Terran - Winner!

Build Orders:  

Get SALT Encoding   

  12  0:00  SCV  
  13  0:12  SCV  
  14  0:17  Supply Depot  
  14  0:24  SCV  
  15  0:39  SCV, Barracks  
  16  0:43  Refinery  
  16  0:51  SCV  
  17  1:03  SCV  
  18  1:15  SCV  
  19  1:26  Marine  
  19  1:27  Orbital Command  
  20  1:39  Command Center  
  20  1:51  Factory  
  20  1:54  SCV  
  21  2:03  Barracks Reactor  
  21  2:06  SCV  
  22  2:09  Supply Depot  
  22  2:17  Refinery  
  22  2:18  SCV  
  23  2:31  SCV  
  24  2:39  Starport  
  24  2:43  SCV  
  27  2:44  Hellion x2  
  29  2:52  Orbital Command  
  29  2:55  SCV  
  30  3:07  Widow Mine x2  
  30  3:10  SCV  
  35  3:16  Medivac  
  35  3:18  SCV  
  38  3:20  Bunker  
  38  3:23  SCV  
  39  3:29  Widow Mine x2  
  39  3:32  SCV  
  44  3:35  Supply Depot, SCV  
  44  3:36  Barracks Tech Lab  
  45  3:44  SCV  
  45  3:47  Starport Tech Lab  
  46  3:52  Barracks  
  46  3:56  SCV x2  
  46  3:59  Supply Depot  
  51  4:02  Siege Tank  
  51  4:06  Marine x2  
  51  4:08  SCV  
  54  4:12  Barracks  
  54  4:21  SCV x2  
  54  4:26  Engineering Bay, Refinery, Marine  
  53  4:33  SCV x2  
  53  4:37  Siege Tank  
  58  4:40  Marine  
  58  4:43  Supply Depot  
  58  4:45  SCV x2, Marine  
  57  4:46  Marine  
  59  4:53  Supply Depot  
  59  4:54  Starport Reactor  
  59  4:57  SCV x2  
  59  4:58  Marine  
  62  5:04  Supply Depot  
  62  5:05  Marine x2  
  64  5:09  SCV  
  64  5:12  SCV  
  66  5:17  Factory Reactor  
  66  5:19  Refinery  
Tags
 
Add a new tag
Caveats
  • Supply blocks, unpowered buildings, or Contaminate may cause inaccurate times.
  • Supply counts are checked every 10 seconds.